 Dungeon Crawl Stone Soup version 0.25.0-10-g039870ee82 (webtiles) character file.

Game seed: 13015979767501877534

669 Kold the Insei (level 7, 0/43 HPs)
             Began as an Octopode Transmuter on June 23, 2020.
             Slain by Blork the orc
             ... wielding a +0 halberd
              (3 damage)
             ... on level 5 of the Dungeon.
             The game lasted 00:06:25 (5602 turns).

Kold the Insei (Octopode Transmuter)                Turns: 5602, Time: 00:06:26

Health: 0/43       AC:  2    Str:  9    XL:     7   Next: 58%
Magic:  6/10       EV: 20    Int: 17    God:
Gold:   291        SH:  0    Dex: 18    Spells: 0/10 levels left

rFire    + . .     SeeInvis .     - Unarmed
rCold    . . .     Gourm    .   (shield currently unavailable)
rNeg     . . .     Faith    .   (helmet currently unavailable)
rPois    x         Spirit   .   (no amulet)
rElec    .         Reflect  .   h - ring of protection from fire (curse)
rCorr    .         Harm     .   l - ring of wizardry
MR       .....                  (no ring)
Stlth    ++........             (no ring)
HPRegen  0.14/turn              (no ring)
MPRegen  0.12/turn              (no ring)
                                (no ring)
                                (no ring)

@: spider-form (expiring)
A: tiny, almost no armour, stealthy swim, (amphibious), 8 rings, (constrict 8)
a: End Transformation


You were on level 5 of the Dungeon.
You were not hungry.
You were a venomous arachnid creature.
You visited 1 branch of the dungeon, and saw 5 of its levels.

You collected 291 gold pieces.

Inventory:

Missiles
 a - 82 arrows
Jewellery
 h - a cursed ring of protection from fire (left front leg)
 l - a ring of wizardry (right front leg)
Wands
 o - a wand of flame (7)
Scrolls
 d - a scroll of random uselessness {unknown}
 e - 5 scrolls of identify
 g - 3 scrolls of amnesia {unknown}
 i - 2 scrolls of fog {unknown}
 m - a scroll of enchant weapon {unknown}
 n - a scroll of remove curse
 p - a scroll of teleportation {unknown}
 q - a scroll of enchant armour {unknown}
Potions
 b - a potion of cancellation {unknown}
 f - a potion of degeneration {unknown}
 j - 5 potions of curing {unknown}
 k - a potion of stabbing {unknown}
 s - a potion of invisibility {unknown}
Comestibles
 c - 8 rations


   Skills:
 - Level 1.0 Fighting
 - Level 2.0 Dodging
 - Level 2.0 Stealth
 + Level 5.9 Unarmed Combat
 - Level 2.0 Spellcasting
 + Level 5.4 Transmutations
 + Level 1.0 Ice Magic
 - Level 3.0 Poison Magic


You couldn't memorise any spells.
You knew the following spells:

 Your Spells              Type           Power        Failure   Level  Hunger
a - Beastly Appendage     Tmut           ###...       3%          1    #......
b - Sticks to Snakes      Tmut           ###.....     4%          2    ###....
c - Spider Form           Tmut/Pois      ###.......   11%         3    ###....
d - Ice Form              Ice/Tmut       ##......     34%         4    #####..

Your spell library contained the following spells:

 Spells                   Type           Power        Failure   Level  Hunger
 Confusing Touch          Hex            #.......     38%         3    ###....
 Gell's Gravitas          Tloc           #.........   38%         3    ###....
 Blade Hands              Tmut           ###.......   38%         5    ######.
 Petrify                  Tmut/Erth      ##......     41%         4    #####..
 Yara's Violent Unravell  Hex/Tmut       ##........   71%         5    ######.
 Metabolic Englaciation   Hex/Ice        #.........   92%         5    ######.


Dungeon Overview and Level Annotations

Branches:
Dungeon (5/15)
 Temple: D:4-7

Altars:
Elyvilon

Annotations:
D:5 Blork the orc


Innate Abilities, Weirdness & Mutations

You cannot wear most types of armour.
You are very stealthy in the water. (Stealth+)
((You are amphibious.))
You can wear up to eight rings at the same time.
((You can use your tentacles to constrict eight enemies at once.))
((Your skin changes colour to match your surroundings (Stealth+).))
((Your rubbery body absorbs attacks. (AC +1, EV +1)))


Message History

Your ball python closely misses the phantom.
Blork the orc mumbles some strange words.
Blork the orc seems to speed up.
Blork the orc gestures at you while chanting.
The puff of frost hits your ball python!
Your ball python dies!
The phantom blinks!
Blork the orc casts a spell at you. The magic dart hits you.
Blork the orc screams, "I'll cover the dungeon with your blood!"
The phantom blinks!
Blork the orc misses you.
Blork the orc hits you from afar with a +0 halberd!
* * * LOW HITPOINT WARNING * * *
Your transformation is almost over.
Found a stone staircase leading down.
Blork the orc hits you from afar with a +0 halberd.
* * * LOW HITPOINT WARNING * * *
Blork the orc hits you from afar with a +0 halberd.
You die...

.# #..........##.# ##
###.........#.#### #
#.(.......#....######
#........##..#......######
##......###.#######....ยง.#
##...## #..# ######.. ##o##
### #..# # #s## #.# .## #>
.. #.. #.. .##


You could see Blork the orc (fast).

Vanquished Creatures
  Edmund (D:5)
  3 ogres (D:4)
  A scorpion (D:5)
  A crimson imp (D:5)
  An iguana (D:4)
  A worker ant (D:4)
  A hound skeleton (D:5)
  A worker ant zombie (D:5)
  3 gnolls (D:2)
  4 adders
  A shadow imp (D:5)
  2 oozes
  2 worms
  6 dart slugs
  A leopard gecko (D:2)
  6 giant cockroaches
  5 goblins
  8 hobgoblins
  3 jackals (D:3)
  6 kobolds
  A quokka (D:3)
  A ball python (D:1)
  7 bats
  6 frilled lizards
  4 rats
76 creatures vanquished.

Notes
Turn   | Place    | Note
-------+----------+-------------------------------------------
     0 | D:1      | Kold the Octopode Transmuter began the quest for the Orb.
     0 | D:1      | Reached XP level 1. HP: 13/13 MP: 3/3
   339 | D:1      | Reached skill level 1 in Stealth
   455 | D:1      | Reached XP level 2. HP: 14/18 MP: 3/5
  1517 | D:2      | Reached XP level 3. HP: 7/23 MP: 6/6
  1544 | D:2      | HP: 1/23 [gnoll/+0 spear (5)]
  1978 | D:2      | Found a white marble altar of Elyvilon.
  2121 | D:2      | Found a faded altar of an unknown god.
  2133 | D:2      | Reached XP level 4. HP: 28/28 MP: 5/7
  2353 | D:2      | Learned a level 2 spell: Sticks to Snakes
  2357 | D:2      | Learned a level 3 spell: Spider Form
  2751 | D:3      | Reached skill level 1 in Poison Magic
  3079 | D:3      | Reached XP level 5. HP: 33/33 MP: 6/8
  3319 | D:4      | Noticed an ogre
  3333 | D:4      | Killed an ogre
  3624 | D:4      | Noticed an ogre
  3632 | D:4      | Killed an ogre
  3632 | D:4      | Reached XP level 6. HP: 22/38 MP: 3/9
  3965 | D:4      | Reached skill level 5 in Unarmed Combat
  4658 | D:4      | Noticed a black bear
  4703 | D:5      | Entered Level 5 of the Dungeon
  4705 | D:5      | Noticed Edmund
  4709 | D:5      | Reached XP level 7. HP: 39/43 MP: 8/10
  4727 | D:5      | Killed Edmund
  4727 | D:5      | Reached skill level 5 in Transmutations
  4973 | D:5      | Learned a level 4 spell: Ice Form
  5438 | D:5      | Reached skill level 1 in Ice Magic
  5567 | D:5      | Noticed Blork the orc
  5600 | D:5      | HP: 2/43 [Blork the orc/+0 halberd (4)]
  5602 | D:5      | Slain by Blork the orc

Illustrated notes

Levels and vault maps discovered:
D:1:      matt_arrival_spirals, layout_basic, minmay_misc_feat_tower
D:2:      layout_loops_cross, elyvilon_altar_3,
          chequers_ecumenical_altar_simple, minmay_pentomino_t2
D:3:      layout_rooms, first_ration
D:4:      layout_loops_ring, zin_angel, grunt_ministairs_15
D:5:      kennysheep_slugbush, layout_cave_pods, uniq_edmund,
          uniq_blork_the_orc, uniq_menkaure

Skill      XL: |  1  2  3  4  5  6  7 |
---------------+----------------------+-----
Stealth        | 1 2 |  2.0
Transmutations | 3 4 5 |  5.4
Unarmed Combat | 4 5 |  5.9
Poison Magic   | 1 3 |  3.0
Ice Magic      | 1 |  1.0
Fighting       | |  1.0
Dodging        | |  2.0
Spellcasting   | |  2.0

Action                   |  1- 3 |  4- 6 |  7- 9 || total
-------------------------+-------+-------+-------++-------
Melee: Unarmed           |    57 |   101 |    42 ||   200
       Constrict         |    17 |    28 |     9 ||    54
       Kick              |     8 |    12 |     5 ||    25
       Tentacles         |     9 |     9 |     5 ||    23
       Punch             |     3 |     4 |     2 ||     9
 Cast: Beastly Appendage |     9 |    14 |     4 ||    27
       Spider Form       |       |     3 |     2 ||     5
       Sticks to Snakes  |       |     3 |     2 ||     5
  Use: Scroll            |       |       |     1 ||     1
 Stab: Sleeping          |     7 |     7 |     4 ||    18
       Distracted        |       |     1 |       ||     1
  Eat: Chunk             |     2 |     5 |     2 ||     9
       Ration            |     1 |     1 |       ||     2
Armor: Skin              |     4 |     3 |     1 ||     8
Dodge: Dodged            |    47 |    49 |    23 ||   119
